 Dungeon Crawl Stone Soup version 0.29-a0-284-gf9362112df (webtiles) character file.

Game seed: 12766556510151915727

50 horus123 the Ducker (level 4, -17/33 HPs)
             Began as a Human Wanderer on Mar 20, 2022.
             Demolished by Sigmund
             ... wielding a +1 scythe of distortion
              (23 damage)
             ... on level 2 of the Dungeon.
             The game lasted 00:04:31 (1633 turns).

horus123 the Ducker (Human Wanderer)                Turns: 1633, Time: 00:04:32

Health: -17/33     AC:  6    Str: 12    XL:     4   Next: 4%
Magic:  7/7        EV: 13    Int: 13    God:
Gold:   72         SH:  0    Dex: 14    Spells: 6/7 levels left

rFire   . . .      SeeInvis .   a - +4 dagger
rCold   . . .      Faith    .   (no shield)
rNeg    . . .      Spirit   .   e - +0 robe
rPois   .          Reflect  .   (no helmet)
rElec   .          Harm     .   (no cloak)
rCorr   .          Rampage  .   m - +2 pair of gloves
Will    .....                   c - +0 pair of boots
Stlth   +.........              (no amulet)
HPRegen 0.11/turn               (no ring)
MPRegen 0.10/turn               (no ring)

@: no status effects
A: no striking features
a: no special abilities


You were on level 2 of the Dungeon.
You visited 1 branch of the dungeon, and saw 3 of its levels.

You collected 72 gold pieces.

Inventory:

Hand Weapons
 a - a +4 dagger (weapon)
Missiles
 b - a curare-tipped dart (quivered)
Armour
 c - a +0 pair of boots (worn)
 e - a +0 robe (worn)
 m - a +2 pair of gloves (worn)
Wands
 f - a wand of charming (4)
Scrolls
 g - a scroll of teleportation {unknown}
 l - 2 scrolls of blinking
Potions
 d - a potion of curing
 h - 2 potions of haste
 i - 2 potions of berserk rage {unknown}
 k - 3 potions of degeneration {unknown}
 n - a potion of lignification {unknown}


   Skills:
 - Level 2.0 Fighting
 - Level 2.0 Short Blades
 - Level 2.0 Throwing
 - Level 1.0 Armour
 - Level 3.0 Dodging
 - Level 2.0 Spellcasting
 + Level 1.8 Fire Magic


You had 6 spell levels left.
You knew the following spells:

 Your Spells              Type           Power      Damage    Failure   Level
a - Foxfire               Conj/Fire      12%        2x1d4     19%         1

Your spell library contained the following spells:

 Spells                   Type           Power      Damage    Failure   Level
 Inner Flame              Hex/Fire       3%         N/A       47%         3


Dungeon Overview and Level Annotations

Branches:
Dungeon (3/15)

Altars:

Annotations:
D:2 Sigmund


Message History

There is an escape hatch in the floor here.
There is an escape hatch in the floor here.
You slide downwards.
The hatch slams shut behind you.
Found a silver wand and 22 stones.
f - a wand of charming (4)
You open the door.
There is an open door here.
Found a stone staircase leading down.
Found a stone staircase leading up.
Found a dagger.
An endoplasm comes into view.
You see here a scroll labelled FOZOSHR MOFRODEANU.
The helpless endoplasm fails to defend itself.
You puncture the endoplasm!
You kill the endoplasm!
g - a scroll labelled FOZOSHR MOFRODEANU
There is a stone staircase leading up here.
You climb upwards.
Sigmund shouts!
Found a pair of boots.
There is a stone staircase leading down here.
Okay, then.
Throw: 3 darts (curare)
Press: ? - help, Q - select action, (/) - cycle Shift-Dir - straight line, f - Sigmund
Aim: Sigmund, wielding a +1 scythe of distortion and wearing a +2 robe of cold resistance (57% to hit)
You throw a curare-tipped dart.
The curare-tipped dart closely misses Sigmund.
Throw: 2 darts (curare)
Press: ? - help, Q - select action, (/) - cycle Shift-Dir - straight line, f/p - Sigmund
Aim: Sigmund, wielding a +1 scythe of distortion and wearing a +2 robe of cold resistance (57% to hit)
You throw a curare-tipped dart.
The curare-tipped dart closely misses Sigmund.
Sigmund hits you from afar with a +1 scythe of distortion.
Space warps horribly around you!
Unknown command.
Sigmund hits you from afar with a +1 scythe of distortion!
* * * LOW HITPOINT WARNING * * *
Space warps horribly around you!!
Ouch! That really hurt!
You die...

.#
####.#####
#.........
#.........
#[........
#.........
#.........
#.@.@....(
#.........
#.........
#.........
####.#####
.# .# .#


You could see Sigmund.

Vanquished Creatures
  3 dart slugs (D:1)
  5 ball pythons (D:1)
  4 bats (D:1)
  4 endoplasms
  2 goblins
  2 hobgoblins (D:1)
  9 jackals (D:1)
  A quokka (D:1)
  A frilled lizard (D:1)
  3 kobolds (D:1)
  4 rats
38 creatures vanquished.

Notes
Turn   | Place    | Note
-------+----------+-------------------------------------------
     0 | D:1      | horus123 the Human Wanderer began the quest for the Orb.
     0 | D:1      | horus123 set off with the following items: a +2 dagger, 4
                  | curare-tipped darts, a +0 pair of boots, a potion of
                  | curing, a +0 robe; and the following spell memorised:
                  | Foxfire; and the following spells available to memorise:
                  | Inner Flame
     0 | D:1      | Reached XP level 1. HP: 16/16 MP: 2/2
    15 | D:1      | Reached skill level 1 in Short Blades
    23 | D:1      | Reached XP level 2. HP: 16/22 MP: 3/3
   263 | D:1      | Reached XP level 3. HP: 24/27 MP: 3/5
  1382 | D:2      | Reached XP level 4. HP: 33/33 MP: 7/7
  1630 | D:2      | Noticed Sigmund
  1633 | D:2      | Demolished by Sigmund

Illustrated notes

Levels and vault maps discovered:
D:1:      minmay_arrival_radiant_lines, layout_basic
D:2:      layout_basic, serial_shops, shop, shop, basic_altar,
          dreamdust_ecumenical_altar_grove, uniq_sigmund
D:3:      layout_basic, kennysheep_another_room, serial_park_tiny_pond

Skill      XL: |  1  2  3 |
---------------+----------+-----
Short Blades   | 1 2 |  2.0
Spellcasting   | 2 |  2.0
Fighting       | |  2.0
Throwing       | |  2.0
Armour         | |  1.0
Dodging        | |  3.0
Fire Magic     | |  1.8

Action                   |  1- 3 |  4- 6 || total
-------------------------+-------+-------++-------
Melee: Dagger            |   114 |     2 ||   116
       Punch             |     1 |       ||     1
Throw: Dart              |     5 |     2 ||     7
  Use: Scroll            |     5 |       ||     5
 Stab: Sleeping          |       |     2 ||     2
Armor: Robe              |    36 |       ||    36
Dodge: Dodged            |    88 |       ||    88

Table legend: (Time is in decaauts)
 A = Elapsed time spent in this place.
 B = Non-inter-level travel time spent in this place.
 C = Inter-level travel time spent in this place.
 D = Time resting spent in this place.
 E = Time spent auto-exploring this place.
 F = Levels seen in this place.
 G = Mean time per level.
                   A        B        C        D        E       F      G
               +--------+--------+--------+--------+--------+-----+--------+
         Total |   1624 |   1610 |     14 |    369 |    837 |   3 |  541.3 |
       Dungeon |   1624 |   1610 |     14 |    369 |    837 |   3 |  541.3 |
               +--------+--------+--------+--------+--------+-----+--------+

Top non-repeatable levels by time:
     D:1: 1419 daAuts
     D:2: 148 daAuts
     D:3: 56 daAuts
